cohdb
Replays
Latest Replays
All Replays
Popular Replays
Top Player Replays
Match Explorer
How It Works
Community
CoH3 Stats
Reddit
Sign in to upload your games and track your stats! →
Sign in with Steam
Match 31428625
Unlisted
Match 31428625
Overview
Messages
Build Orders
End
Engineer Squad
Construct Barracks
Selects Advanced Infantry Battlegroup
Riflemen Squad
Riflemen Squad
Riflemen Squad
Infantry Support Center
Selects Convert to Ranger Squad
Construct Motor Pool
M1 Anti-tank Gun Team
Grenade Package
Selects Frontline Medical Station
Frontline Medical Station
Riflemen Squad
M1918 Browning Automatic Rifles
Riflemen Squad
M1 Anti-tank Gun Team
Selects Infantry Assault
Infantry Assault
Construct Tank Depot
Infantry Assault
M4(105) Sherman Bulldozer
Selects Ammunition Storage
Selects M2A1 105mm Howitzer Emplacement
Engineer Squad
M4(105) Sherman Bulldozer
Selects 155mm Rapid Artillery Barrage
155mm Rapid Artillery Barrage
Infantry Assault
UMirinBrah?
DookulDeen
NSAsBest
Deep Abyss Inc.
Cmplord
elfen
帕鲁与邦布
CannonFodder
0
0
Comments
sign in to comment!
No comments posted yet!